 Dungeon Crawl Stone Soup version 0.25.1-2-g60ff931df9 (webtiles) character file.

Game seed: 3712975174588053125

9342 lepoulpe303 the Grappler (level 11, 0/113 HPs)
             Began as a Troll Fighter on Sept 22, 2020.
             Was a Believer of Cheibriados.
             Killed by divine providence
             ... invoked by an orc priest
              (13 damage)
             ... on level 1 of the Orcish Mines.
             The game lasted 00:29:22 (9631 turns).

lepoulpe303 the Grappler (Troll Fighter)            Turns: 9631, Time: 00:29:23

Health: 0/113      AC: 12    Str: 30    XL:     11   Next: 21%
Magic:  12/12      EV: 14    Int:  9    God:    Cheibriados [**....]
Gold:   649        SH:  0    Dex: 16    Spells: 10/10 levels left

rFire    . . .     SeeInvis +     - Unarmed
rCold    . . .     Gourm    +   (no shield)
rNeg     . . .     Faith    .   H - +0 steam dragon scales
rPois    .         Spirit   .   (helmet restricted)
rElec    .         Reflect  .   (no cloak)
rCorr    .         Harm     .   (gloves unavailable)
MR       .....                  (boots unavailable)
Stlth    ++........             e - amulet of regeneration
HPRegen  1.08/turn              n - ring of stealth {Stlth+}
MPRegen  0.13/turn              S - ring of see invisible

@: very slow
A: large, unfitting armour, claws 3, icy blue scales 1, fast metabolism 3,
gourmand, regeneration 1, shaggy fur 2, tough skin 3, weak 1
a: Bend Time, Renounce Religion


You were on level 1 of the Orcish Mines.
You worshipped Cheibriados.
Cheibriados was pleased with you.
You were completely stuffed.

You visited 3 branches of the dungeon, and saw 12 of its levels.

You collected 649 gold pieces.

Inventory:

Missiles
 r - 14 poisoned darts
 M - 5 large rocks {!d}
 Q - 75 stones (quivered)
Armour
 b - a +0 kite shield
 G - the +2 robe "Iwesecu" {rPois}
   (You found it on level 8 of the Dungeon)

   It protects you from poison.
 H - +0 steam dragon scales (worn)
Jewellery
 e - an amulet of regeneration (around neck)
 k - a cursed amulet of inaccuracy {unknown}
 m - an uncursed amulet of guardian spirit {unknown}
 n - a ring of stealth (left claw) {Stlth+}
 x - an uncursed amulet of reflection
 E - an uncursed ring of positive energy {unknown}
 I - an uncursed ring of magical power {MP+9}
 P - an uncursed ring of poison resistance
 S - a ring of see invisible (right claw)
Wands
 o - a wand of iceblast (8)
 C - a wand of flame (3)
 D - a wand of digging (3)
 J - a wand of polymorph (11)
Scrolls
 a - a scroll of enchant weapon {unknown}
 f - 2 scrolls of fog
 g - 3 scrolls of fear
 i - 2 scrolls of identify
 j - 3 scrolls of amnesia
 t - 4 scrolls of teleportation
 w - 6 scrolls of remove curse
 A - 2 scrolls of magic mapping {!r}
 B - 2 scrolls of enchant armour
Potions
 d - a potion of might
 h - 2 potions of ambrosia
 l - 4 potions of heal wounds
 q - 8 potions of curing
 s - a potion of brilliance {unknown}
 v - 3 potions of invisibility
 y - a potion of mutation {!q}
 z - 3 potions of flight
 F - a potion of lignification {unknown}
Comestibles
 c - 24 rations
 p - 11 chunks of flesh


   Skills:
 * Level 8.5 Fighting
 + Level 5.9 Throwing
 * Level 2.7 Armour
 + Level 6.1 Dodging
 - Level 2.6 Shields
 * Level 9.9 Unarmed Combat
 * Level 3.9 Invocations


You had 10 spell levels left.
You didn't know any spells.
Your spell library contained the following spells:

 Spells                   Type           Power        Failure   Level  Hunger
 Animate Skeleton         Necr           N/A          38%         1    ##.....
 Corona                   Hex            #......      38%         1    ##.....
 Pain                     Necr           #...         38%         1    ##.....
 Ensorcelled Hibernation  Hex/Ice        #.....       52%         2    ###....
 Confusing Touch          Hex            #.......     77%         3    ####...
 Dazzling Flash           Conj/Hex       #.....       77%         3    ####...
 Tukima's Dance           Hex            #.......     77%         3    ####...
 Vampiric Draining        Necr           #.........   77%         3    ####...
 Animate Dead             Necr           N/A          99%         4    #####..
 Agony                    Necr           #.......     100%        5    ######.


Dungeon Overview and Level Annotations

Branches:
Dungeon (10/15)            Temple (1/1) D:5             Orc (1/2) D:10
   Lair: D:8-11

Altars:
Ashenzari
Cheibriados
Dithmenos
Elyvilon
Fedhas
Gozag
Hepliaklqana
Kikubaaqudgha
Makhleb
Nemelex Xobeh
Okawaru
Qazlal
Ru
Sif Muna
Trog
Uskayaw
Vehumet
Wu Jian
Xom
Yredelemnul
Zin
The Shining One

Shops:
D:4 }


Innate Abilities, Weirdness & Mutations

You are too large for most types of armour.
You have claws for hands.
Your metabolism is lightning-fast.
You like to eat raw meat.
Your natural rate of healing is unusually fast.
You are covered in thick fur. (AC +2)
You have extremely tough skin. (AC +3)
You are partially covered in icy blue scales. (AC +2)
You are weak. (Str -2)


Message History

The orc priest calls down the wrath of Beogh upon you.
Beogh smites you!
* * * LOW HITPOINT WARNING * * *
The orc wizard closely misses you.
You take 10 damage, and have 19/113 hp.
You regained 2 hp, and now have 21/113 hp.
The orc wizard points at you and mumbles some strange words.
The puff of frost hits you!
* * * LOW HITPOINT WARNING * * *
The orc wizard hits you with a +0 dagger.
* * * LOW HITPOINT WARNING * * *
The orc hits you but does no damage.
You see here a +0 spear.
You take 8 damage, and have 13/113 hp.
The orc wizard gestures at you while chanting.
The puff of frost hits you.
* * * LOW HITPOINT WARNING * * *
The orc priest calls down the wrath of Beogh upon you.
Beogh smites you!
You die...

.# .#..# ..#
..##...#...##
..#....#....#
......#...... ####
..........# ##..##
.........#####....#
......#.....#.#...##
>...........o..h...#
...........ooCoo@..###
o...o......o.o.)#...[##
......#....#....#..))<#
..........#.##.###.#.###
.............####..#.#.##
.......)......##........#
..............###..#.#.##
...............####...##
..............## ##.##


You could see a stone giant, a warg, an orc warrior, an orc priest, an orc
wizard (fast, invisible) and 4 orcs.

Levels and vault maps discovered:
D:1:      wander_arrival_chamber, layout_basic, minivault_5
D:2:      layout_basic, first_ration, serial_forest,
          infiniplex_forest_clump_small, infiniplex_forest_lined_4_way,
          infiniplex_forest_clump_C, infiniplex_forest_lined_2,
          infiniplex_forest_clump_medium, infiniplex_forest_straight_1,
          infiniplex_forest_lined_room_3
D:3:      layout_basic
D:4:      layout_basic, kiku_gazebo_garden_becter, old_standard_altar,
          serial_shops, nicolae_shop_crystal, kennysheep_generic_room_14,
          uniq_grinder, uniq_menkaure
D:5:      layout_basic, lemuel_crystal_altar,
          minmay_temple_entry_drinking_statues, basic_altar, uniq_duvessa,
          uniq_sigmund
D:6:      layout_loops_ring, lemuel_crystal_altar, uniq_blork_the_orc,
          uniq_eustachio
D:7:      layout_basic, cheibriados_altar_1, lemuel_round_altar, uniq_harold,
          uniq_pikel
D:8:      layout_gridville, makhleb_blood_cavern_becter, kennysheep_mini_moat,
          uniq_maggie
D:9:      layout_roguey, nicolae_overflow_hidden_temple, fiery_altar_vehumet,
          minitemple
D:10:     layout_cross, orc_0_dummy, basic_altar, serial_co_window_serial,
          co_window_paths_a, co_window_paths_a, co_window_paths_a,
          co_window_paths_b, co_window_corner_a, co_window_corner_a,
          co_window_broadway_b, co_window_broadway_c, co_window_paths_c,
          co_window_unsneaky_path_b, co_window_broadway_c, co_window_paths_d,
          co_window_paths_e, glass_columns_a, hangedman_ranch
          [blue_anna_fruit_fields]
Temple:   dpeg_three_leaves_temple
Orc:1:    layout_caves, basic_altar

Notes
Turn   | Place    | Note
-------+----------+-------------------------------------------
     0 | D:1      | lepoulpe303 the Troll Fighter began the quest for the Orb.
     0 | D:1      | Reached XP level 1. HP: 22/22 MP: 0/0
    15 | D:1      | Identified a +0 whip
    54 | D:1      | Identified a +0 dagger
    58 | D:1      | Identified a +0 club
    94 | D:1      | Identified a +0 club
   100 | D:1      | Reached XP level 2. HP: 24/29 MP: 1/1
   143 | D:1      | Identified a cursed -1 dagger
   144 | D:1      | Identified a +0 dagger
   219 | D:1      | Identified a +0 short sword
   227 | D:1      | Reached XP level 3. HP: 30/36 MP: 2/2
   391 | D:1      | Identified a cursed -2 club
   878 | D:1      | Identified a scroll of enchant armour
   969 | D:2      | Reached skill level 3 in Fighting
   969 | D:2      | Reached skill level 1 in Throwing
   986 | D:2      | Reached XP level 4. HP: 40/45 MP: 3/3
   991 | D:2      | Reached skill level 3 in Unarmed Combat
  1079 | D:2      | Identified a +0 short sword
  1130 | D:2      | Identified a +0 club
  1183 | D:2      | Identified a +0 spear
  1183 | D:2      | Identified a +0 spear
  1189 | D:2      | HP: 10/45 [gnoll/+0 spear (10)]
  1297 | D:2      | Identified a +0 dagger
  1318 | D:2      | Identified a +0 club
  1464 | D:2      | Identified a +0 flail
  1468 | D:2      | Reached XP level 5. HP: 53/53 MP: 4/4
  1535 | D:2      | lepoulpe303: !whcihgod trfi
  1535 | D:2      | lepoulpe303: !whichgod trfi
  1535 | D:2      | meem: 165 recent wins for trfi: 53x Cheibriados, 32x
                  | Okawaru, 15x Ru, 14x The Shining One, 12x Jiyva, 9x Wu
                  | Jian, 5x Makhleb, 4x Trog, 4x Hepliaklqana, 3x Yredelemnul,
                  | 3x Nemelex Xobeh, 2x Zin, 2x Elyvilon, 2x Qazlal, 2x
                  | Uskayaw, Xom, Kikubaaqudgha, Ashenzari
  1710 | D:3      | Identified a +0 ring mail
  1715 | D:3      | Identified a +0 dagger
  1782 | D:3      | Identified a +0 short sword
  1855 | D:3      | Identified a +0 dagger
  1888 | D:3      | Identified a +0 club
  1947 | D:3      | Reached skill level 3 in Dodging
  2085 | D:3      | Identified a +0 mace
  2088 | D:3      | Identified a +0 club
  2094 | D:3      | Identified a +0 ring mail
  2404 | D:4      | Identified a +0 giant club
  2404 | D:4      | Noticed an ogre
  2414 | D:4      | Killed an ogre
  2414 | D:4      | Reached skill level 4 in Unarmed Combat
  2414 | D:4      | Reached XP level 6. HP: 38/62 MP: 5/5
  2488 | D:4      | Found an ancient bone altar of Kikubaaqudgha.
  2604 | D:4      | Noticed Grinder
  2604 | D:4      | Paralysed by Grinder for 2 turns
  2613 | D:4      | Identified 2 scrolls of amnesia
  2614 | D:4      | Identified 2 scrolls of identify
  2614 | D:4      | Identified a potion of ambrosia
  2615 | D:4      | Identified an amulet of regeneration (You found it on level
                  | 1 of the Dungeon)
  2625 | D:4      | Identified a +0 trident
  2632 | D:4      | Identified a +0 ring mail
  2635 | D:4      | Identified a +0 club
  2635 | D:4      | Identified a cursed -1 whip
  2635 | D:4      | Paralysed by Grinder for 3 turns
  2683 | D:4      | Reached skill level 2 in Throwing
  2696 | D:4      | Reached skill level 4 in Fighting
  2720 | D:4      | Paralysed by Grinder for 6 turns
  2738 | D:4      | Killed Grinder
  2738 | D:4      | Reached XP level 7. HP: 60/71 MP: 6/6
  2808 | D:4      | Found Nula's Gadget Shop.
  2842 | D:4      | Noticed Menkaure
  2859 | D:4      | Killed Menkaure
  2859 | D:4      | Reached skill level 5 in Unarmed Combat
  3045 | D:4      | Identified a +0 giant spiked club
  3062 | D:4      | Found a hazy altar of Hepliaklqana.
  3372 | D:5      | Entered Level 5 of the Dungeon
  3547 | D:5      | Found an opulent altar of Gozag.
  3637 | D:5      | Found a staircase to the Ecumenical Temple.
  3638 | D:5      | Identified a +0 dagger of draining
  3638 | D:5      | Identified a +0 robe
  3638 | D:5      | Noticed Dowan
  3659 | D:5      | Killed Dowan
  3659 | D:5      | Reached skill level 5 in Fighting
  3659 | D:5      | Reached skill level 3 in Throwing
  3668 | D:5      | Reached XP level 8. HP: 80/80 MP: 7/7
  3688 | D:5      | Reached skill level 4 in Dodging
  3691 | Temple   | Entered the Ecumenical Temple
  3815 | D:5      | Identified a +0 short sword
  3815 | D:5      | Identified a +0 leather armour
  3815 | D:5      | Noticed Duvessa
  3834 | D:5      | Killed Duvessa
  3840 | D:5      | Identified a +0 scythe
  3840 | D:5      | Identified a +0 robe
  3840 | D:5      | Noticed Sigmund
  3855 | D:5      | Identified 5 potions of curing
  3856 | D:5      | Identified 3 scrolls of teleportation
  3857 | D:5      | Identified 3 scrolls of remove curse
  3858 | D:5      | Identified a ring of stealth (You found it on level 4 of
                  | the Dungeon)
  3859 | D:5      | Identified a ring of see invisible (You found it on level 4
                  | of the Dungeon)
  3895 | D:5      | Killed Sigmund
  3895 | D:5      | Reached skill level 6 in Unarmed Combat
  4044 | D:5      | Found a hazy altar of Hepliaklqana.
  4218 | D:6      | Identified a +3 scimitar
  4218 | D:6      | Identified a +0 plate armour
  4218 | D:6      | Identified a +0 flail
  4220 | D:6      | Identified a +0 hand axe
  4287 | D:6      | Identified a +0 club
  4294 | D:6      | Identified a +0 dagger
  4294 | D:6      | Identified a +0 chain mail
  4303 | D:5      | HP: 16/81 [orc warrior/+3 scimitar (20)]
  4388 | D:6      | Identified a ring of poison resistance (You found it on
                  | level 6 of the Dungeon)
  4421 | D:6      | Found a glowing golden altar of the Shining One.
  4439 | D:6      | Identified a +0 whip
  4443 | D:6      | Identified a +0 dire flail
  4443 | D:6      | Identified a +0 robe
  4443 | D:6      | Noticed Blork the orc
  4462 | D:6      | Killed Blork the orc
  4517 | D:6      | Identified a +0 scale mail
  4539 | D:6      | Identified a +0 battleaxe
  4539 | D:6      | Identified a +0 chain mail
  4539 | D:6      | Identified an uncursed amulet of reflection
  4539 | D:6      | Identified a +0 dagger
  4539 | D:6      | Identified a +0 robe
  4540 | D:6      | Identified a +0 dagger
  4540 | D:6      | Identified a +0 robe
  4541 | D:6      | Identified a +0 club
  4547 | D:6      | Reached skill level 6 in Fighting
  4627 | D:6      | Identified a +0 dagger
  4627 | D:6      | Identified a +0 robe
  4635 | D:6      | Reached skill level 7 in Unarmed Combat
  4636 | D:6      | Identified a +3 dagger
  4636 | D:6      | Identified a +0 robe
  4638 | D:6      | Identified a +0 hand axe
  4638 | D:6      | Identified a +0 robe
  4644 | D:6      | Reached skill level 4 in Throwing
  4644 | D:6      | Reached XP level 9. HP: 89/89 MP: 8/8
  4666 | D:6      | Identified a +0 trident
  4671 | D:6      | Identified a +0 flail
  4688 | D:6      | Identified a +0 dagger
  4688 | D:6      | Identified a +0 robe
  4773 | D:6      | Identified a +0 falchion
  4773 | D:6      | Identified a +0 leather armour
  4773 | D:6      | Noticed Eustachio
  4791 | D:6      | Killed Eustachio
  4842 | D:6      | Identified a +0 shortbow
  4925 | D:6      | Identified a cursed +2 trident
  4925 | D:6      | Identified a cursed +0 robe
  4935 | D:6      | Identified a +0 battleaxe
  4935 | D:6      | Identified a +0 robe
  5087 | D:6      | Identified a +0 whip
  5087 | D:6      | Identified a +0 spear
  5088 | D:6      | Identified a cursed -1 spear
  5090 | D:6      | Identified a +0 halberd
  5206 | D:6      | Identified 2 potions of mutation
  5214 | D:7      | Identified a +0 dire flail of protection
  5214 | D:7      | Identified a +0 chain mail
  5214 | D:7      | Noticed Harold
  5226 | D:7      | Killed Harold
  5226 | D:7      | Reached skill level 7 in Fighting
  5226 | D:7      | Reached skill level 5 in Dodging
  5226 | D:7      | Reached skill level 8 in Unarmed Combat
  5331 | D:7      | Found an iron altar of Okawaru.
  5428 | D:7      | Identified a +0 giant spiked club
  5594 | D:7      | Identified a +1 whip of flaming
  5594 | D:7      | Identified a +0 robe
  5594 | D:7      | Noticed Pikel
  5611 | D:7      | Killed Pikel
  5611 | D:7      | Reached skill level 5 in Throwing
  5657 | D:7      | Reached XP level 10. HP: 67/102 MP: 9/9
  5866 | D:7      | Found a snail-covered altar of Cheibriados.
  5879 | D:7      | Became a worshipper of Cheibriados the Contemplative
  5886 | D:7      | Identified a +0 shortbow
  6018 | D:7      | Identified a ring of magical power (You found it on level 7
                  | of the Dungeon)
  6245 | D:8      | Got a crude robe
  6256 | D:8      | Identified the +2 robe "Iwesecu" {rPois} (You found it on
                  | level 8 of the Dungeon)
  6305 | D:8      | Noticed a brown ugly thing
  6325 | D:8      | HP: 26/104 [acid (10)]
  6327 | D:8      | Killed a brown ugly thing
  6327 | D:8      | Reached skill level 9 in Unarmed Combat
  6327 | D:8      | Reached skill level 1 in Invocations
  6471 | D:8      | Identified a cursed -3 giant club
  6501 | D:8      | Identified 3 potions of heal wounds
  6502 | D:8      | Identified 3 potions of invisibility
  6503 | D:8      | Identified 3 potions of flight
  6504 | D:8      | Identified a potion of degeneration
  6536 | D:8      | Found a basalt altar of Yredelemnul.
  6551 | D:8      | Identified a +0 long sword
  6551 | D:8      | Identified +0 steam dragon scales
  6551 | D:8      | Noticed Maggie
  6561 | D:8      | Killed Maggie
  6604 | D:8      | Identified a +0 giant club
  6604 | D:8      | Identified a +0 giant club
  6604 | D:8      | Noticed a two-headed ogre
  6615 | D:8      | Killed a two-headed ogre
  6615 | D:8      | Reached skill level 8 in Fighting
  6615 | D:8      | Reached skill level 1 in Armour
  6615 | D:8      | Reached skill level 2 in Invocations
  6659 | D:8      | Identified a +0 club
  6659 | D:8      | Identified a cursed -2 spear
  6659 | D:8      | Identified a +0 club
  6662 | D:8      | Identified a +0 spear
  6806 | D:8      | Found a burning altar of Makhleb.
  6919 | D:8      | Reached * piety under Cheibriados
  7148 | D:8      | Identified a cursed +0 robe (You found it on level 8 of the
                  | Dungeon)
  7261 | D:9      | Identified a cursed +0 whip
  7261 | D:9      | Identified a +0 leather armour
  7293 | D:9      | Identified a +0 flail of protection
  7293 | D:9      | Identified a +0 dagger
  7293 | D:9      | Identified a +0 robe
  7294 | D:9      | Identified a +0 dire flail
  7294 | D:9      | Identified a +0 plate armour
  7371 | D:9      | Identified a +0 hand axe
  7374 | D:9      | Identified a +1 glaive of flaming
  7374 | D:9      | Identified a +0 plate armour
  7374 | D:9      | Identified a cursed -3 dagger
  7381 | D:9      | HP: 23/104 [orc warrior/+1 glaive of flaming (22)]
  7390 | D:9      | HP: 15/104 [orc warrior/+1 glaive of flaming (13)]
  7496 | D:9      | HP: 21/104 [orc warrior/+1 glaive of flaming (16)]
  7657 | D:9      | Identified a +0 giant club
  7657 | D:9      | Identified a cursed -1 shortbow
  7664 | D:9      | Reached skill level 3 in Invocations
  7705 | D:9      | Found a radiant altar of Vehumet.
  7750 | D:9      | Reached skill level 6 in Dodging
  7822 | D:9      | Identified a +0 shortbow
  7827 | D:9      | Reached skill level 2 in Armour
  7842 | D:9      | Found an ornate altar of the Wu Jian Council.
  7858 | D:9      | Found a shattered altar of Ashenzari.
  7858 | D:9      | Found a shadowy altar of Dithmenos.
  7942 | D:9      | Found a shimmering altar of Xom.
  8141 | D:10     | Entered Level 10 of the Dungeon
  8170 | D:10     | Noticed an unseen horror
  8203 | D:9      | Reached ** piety under Cheibriados
  8206 | D:9      | Killed an unseen horror
  8206 | D:9      | Reached XP level 11. HP: 78/113 MP: 12/12
  8294 | D:10     | Found a hazy altar of Hepliaklqana.
  8309 | D:10     | Found a staircase to the Orcish Mines.
  8498 | D:10     | Noticed a two-headed hydra
  8516 | D:10     | Identified 4 scrolls of fear
  8549 | D:10     | Identified 3 scrolls of magic mapping
  8550 | D:10     | Identified 3 scrolls of fog
  8569 | D:9      | HP: 19/113 [/a scroll of torment (16)]
  8569 | D:9      | Identified a scroll of torment
  8570 | D:9      | Identified a scroll of holy word
  8571 | D:9      | Identified a scroll of blinking
  9111 | D:10     | Identified 3 potions of berserk rage
  9407 | Orc:1    | Entered Level 1 of the Orcish Mines
  9438 | Orc:1    | Identified a +0 spear
  9455 | Orc:1    | Identified a +0 spear
  9455 | Orc:1    | Identified a +0 whip
  9455 | Orc:1    | Identified a +0 war axe
  9455 | Orc:1    | Identified a +0 chain mail
  9465 | Orc:1    | Identified a +0 dagger
  9465 | Orc:1    | Identified a +0 robe
  9467 | Orc:1    | Identified a +0 ring mail
  9505 | Orc:1    | Gained mutation: You are agile. (Dex +2) [potion of
                  | mutation]
  9505 | Orc:1    | Gained mutation: You are occasionally teleported next to
                  | monsters. [potion of mutation]
  9505 | Orc:1    | Gained mutation: Your flesh is heat resistant. (rF+)
                  | [potion of mutation]
  9506 | Orc:1    | Lost mutation: You are agile. (Dex +2) [potion of mutation]
  9506 | Orc:1    | Lost mutation: Your flesh is heat resistant. (rF+) [potion
                  | of mutation]
  9506 | Orc:1    | Gained mutation: You are frail. (-10% HP) [potion of
                  | mutation]
  9506 | Orc:1    | Gained mutation: Your magical capacity is low. (-10% MP)
                  | [potion of mutation]
  9506 | Orc:1    | Lost mutation: You are frail. (-10% HP) [potion of
                  | mutation]
  9506 | Orc:1    | Gained mutation: You have large cloven feet. [potion of
                  | mutation]
  9507 | Orc:1    | Lost mutation: You are occasionally teleported next to
                  | monsters. [potion of mutation]
  9507 | Orc:1    | Lost mutation: You have large cloven feet. [potion of
                  | mutation]
  9507 | Orc:1    | Lost mutation: Your magical capacity is low. (-10% MP)
                  | [potion of mutation]
  9507 | Orc:1    | Gained mutation: You are partially covered in icy blue
                  | scales. (AC +2) [potion of mutation]
  9507 | Orc:1    | Gained mutation: You are weak. (Str -2) [potion of
                  | mutation]
  9507 | Orc:1    | Gained mutation: You are covered in thick fur. (AC +2)
                  | [potion of mutation]
  9542 | Orc:1    | Identified a +0 giant spiked club
  9593 | Orc:1    | Identified a +0 short sword
  9593 | Orc:1    | Identified a +0 leather armour
  9599 | Orc:1    | Identified a +1 war axe of electrocution
  9600 | Orc:1    | Identified a +0 dagger
  9600 | Orc:1    | Identified a cursed +0 robe
  9601 | Orc:1    | Identified a +0 trident
  9601 | Orc:1    | Identified a +0 chain mail
  9604 | Orc:1    | Noticed a stone giant
  9604 | Orc:1    | Identified a +0 short sword
  9604 | Orc:1    | Identified a +0 glaive
  9604 | Orc:1    | Identified a +0 chain mail
  9605 | Orc:1    | Identified a cursed -2 mace
  9613 | Orc:1    | Identified a +0 leather armour
  9626 | Orc:1    | HP: 28/113 [warg (3)]
  9630 | Orc:1    | HP: 13/113 [orc wizard/+0 dagger (1)]
  9631 | Orc:1    | Killed from afar by an orc priest

Table legend:
 A = Turns spent in this place as a percentage of turns spent in the entire game.
 B = Non-inter-level travel turns spent in this place as a percentage of non-inter-level travel turns spent in the entire game.
 C = Inter-level travel turns spent in this place as a percentage of turns spent in this place.
 D = Turns resting spent in this place as a percentage of non-inter-level travel turns spent in this place.
 E = Turns spent auto-exploring this place as a percentage of non-inter-level travel turns spent in this place.
 F = Non-inter-level travel turns spent in this place divided by the number of levels of this place that you've seen.
                   A       B       C       D       E      F
               +-------+-------+-------+-------+-------+----------------------
         Total | 100.0 | 100.0 |   5.4 |   6.5 |  67.7 | 759.3
       Dungeon |  96.4 |  96.5 |   5.3 |   6.6 |  68.5 | 879.7
        Temple |   1.2 |   1.0 |  22.9 |   0.0 |  74.7 |  91.0
  Orcish Mines |   2.3 |   2.5 |   0.0 |   6.7 |  33.0 | 224.0
               +-------+-------+-------+-------+-------+----------------------

Table legend:
 A = Kills in this place as a percentage of kills in entire the game.
 B = Kills by you in this place as a percentage of kills by you in the entire game.
 C = Kills by friends in this place as a percentage of kills by friends in the entire game.
 D = Other kills in this place as a percentage of other kills in the entire game.
 E = Experience gained in this place as a percentage of experience gained in the entire game.
 F = Experience gained in this place divided by the number of levels of this place that you have seen.
                   A       B       C       D       E      F
               +-------+-------+-------+-------+-------+----------------------
         Total | 100.0 | 100.0 |   N/A |   N/A | 100.0 | 1112.2
       Dungeon |  96.2 |  96.2 |   N/A |   N/A |  95.9 | 1280.0
  Orcish Mines |   3.8 |   3.8 |   N/A |   N/A |   4.1 | 547.0
               +-------+-------+-------+-------+-------+----------------------

Skill      XL: |  1  2  3  4  5  6  7  8  9 10 |
---------------+-------------------------------+-----
Fighting       | 3 4 5 6 7 8 |  8.5
Throwing       | 1 2 3 4 5 |  5.9
Unarmed Combat | 3 4 5 7 8 9 |  9.9
Dodging        | 3 4 5 6 |  6.1
Invocations    | 3 |  3.9
Armour         | 2 |  2.7
Shields        | |  2.6

Action                   |  1- 3 |  4- 6 |  7- 9 | 10-12 || total
-------------------------+-------+-------+-------+-------++-------
Melee: Unarmed           |   109 |   168 |   214 |   237 ||   728
       Punch             |       |     1 |    11 |    22 ||    34
Throw: Stone             |       |    52 |   124 |   137 ||   313
       Dart              |       |       |     3 |     1 ||     4
       Throwing net      |       |       |       |     2 ||     2
       Large rock        |       |       |       |     1 ||     1
Invok: Bend Time         |       |       |       |     2 ||     2
Evoke: Wand              |       |       |       |     7 ||     7
  Use: Scroll            |     1 |     3 |     4 |    12 ||    20
       Potion            |       |       |     1 |     3 ||     4
 Stab: Sleeping          |       |       |       |     2 ||     2
  Eat: Chunk             |    15 |    14 |    27 |    36 ||    92
Armor: Robe              |    52 |    51 |    50 |    11 ||   164
       Steam dragon scal |       |       |       |    85 ||    85
       Skin              |       |       |       |     1 ||     1
Dodge: Dodged            |    48 |    80 |    90 |   178 ||   396
Block: Kite shield       |    33 |       |       |       ||    33

Vanquished Creatures
  Harold (D:7)
  A two-headed ogre (D:8)
  An unseen horror (D:9)
  Pikel (D:7)
  An ugly thing (D:8)
  Maggie (D:8)
  Grinder (D:4)
  2 hippogriffs
  2 dream sheep (D:10)
  2 yaks (D:10)
  Sigmund (D:5)
  Eustachio (D:6)
  A hungry ghost (D:7)
  A warg (Orc:1)
  Menkaure (D:4)
  Duvessa (D:5)
  An ice beast (D:8)
  2 slaves (D:7)
  4 phantoms
  5 orc warriors
  2 sky beasts
  A black bear (D:7)
  6 ogres
  A necrophage (D:8)
  3 big kobolds (D:10)
  4 centaurs
  A crocodile (D:9)
  Blork the orc (D:6)
  2 bullfrogs
  Dowan (D:5)
  A scorpion (D:4)
  6 killer bees
  5 wights (D:6)
  3 bullfrog zombies
  A crimson imp (D:7)
  A quasit (D:10)
  4 centaur skeletons
  5 orc wizards
  4 orc priests
  3 hounds
  2 iguanas
  4 worker ants
  A killer bee zombie (D:6)
  2 hound zombies (D:5)
  A hound skeleton (D:8)
  A howler monkey zombie (D:7)
  A worker ant zombie (D:9)
  15 gnolls
  12 adders
  2 shadow imps
  An ooze (D:1)
  An adder skeleton (D:4)
  2 worms
  A dart slug (D:1)
  5 leopard geckos
  21 orcs
  5 giant cockroaches
  11 goblins
  12 hobgoblins
  19 jackals
  4 quokkas
  3 ball pythons (D:3)
  11 bats
  6 frilled lizards
  5 kobolds
  A leopard gecko skeleton (D:3)
  5 rats
240 creatures vanquished.
